 Dungeon Crawl Stone Soup version 0.30.1-11-g7821555f0a (webtiles) character file.

Game seed: 436187889962415972

5308 Gumption the Spear-Bearer (level 10, -8/94 HPs)
             Began as a Hill Orc Monk on Nov 9, 2023.
             Was a Believer of Beogh.
             Mangled by a yak (9 damage)
             ... on level 7 of the Dungeon on Nov 10, 2023.
             The game lasted 01:07:03 (11008 turns).

Gumption the Spear-Bearer (Hill Orc Monk)          Turns: 11008, Time: 01:07:03

Health: -8/94      AC: 17    Str: 19    XL:     10   Next: 64%
Magic:  10/10      EV:  7    Int: 10    God:    Beogh [**....]
Gold:   1271       SH:  5    Dex: 13    Spells: 9/9 levels left

rFire   . . .        a - +4 trident
rCold   . . .        d - orb {light}
rNeg    . . .        F - +0 plate armour
rPois   .            j - +1 helmet
rElec   .            f - +0 cloak
rCorr   .            (no gloves)
SInv    .            (no boots)
Will    .....        v - amulet of reflection Stlth
                     (no ring)
HPRegen 0.35/turn    (no ring)
MPRegen 0.12/turn

%: reflection
@: glowing, studying 2 skills
A: no striking features
a: Renounce Religion, Smiting


You were on level 7 of the Dungeon.
You worshipped Beogh.
Beogh was pleased with you.
You visited 2 branches of the dungeon, and saw 9 of its levels.
You also visited: Bailey.

You collected 1271 gold pieces.

Inventory:

Hand Weapons
 a - a +4 trident (weapon)
 b - a +0 scythe
 z - the +2 spear "Zocag" {venom, Dex+2}
   (You found it in a bailey)

   Dex:       It affects your dexterity (+2).
Missiles
 r - 59 stones (quivered)
 w - a throwing net
Armour
 d - an orb of light (worn)
 f - a +0 cloak (worn)
 i - +0 fire dragon scales
 j - a +1 helmet (worn)
 F - a +0 plate armour (worn)
Magical Staves
 k - a staff of fire
 n - a staff of cold
 y - a staff of poison
Jewellery
 v - an amulet of reflection (around neck)
Wands
 u - a wand of iceblast (4)
Scrolls
 g - 2 scrolls of teleportation
 h - 5 scrolls of enchant armour
 m - a scroll of blinking
 A - a scroll of noise {unknown}
 H - a scroll of fear {unknown}
Potions
 c - 2 potions of ambrosia
 e - 4 potions of heal wounds
 l - 2 potions of mutation
 o - a potion of flight {unknown}
 p - 2 potions of curing {unknown}
 q - 2 potions of haste {unknown}
 s - a potion of cancellation {unknown}
 t - a potion of attraction {unknown}
 x - 3 potions of brilliance {unknown}
 B - a potion of lignification {unknown}
 C - a potion of berserk rage {unknown}
 D - a potion of magic {unknown}
 E - 4 potions of might {unknown}


   Skills:
 + Level 10.6 Fighting
 * Level 12.4 Polearms
 + Level 8.4 Armour
 - Level 2.4 Dodging


You had 9 spell levels left.
You didn't know any spells.
Your spell library contained the following spells:

 Spells                   Type           Power      Damage    Failure   Level
 Sting                    Tmut/Pois      0%         1d3       100%        1
 Poisonous Vapours        Pois/Air       0%         N/A       100%        2
 Inner Flame              Hex/Fire       0%         N/A       100%        3
 Mephitic Cloud           Conj/Pois/Air  0%         N/A       100%        3
 Flame Wave               Conj/Fire      0%         2d4       100%        4
 Olgreb's Toxic Radiance  Pois           0%         N/A       100%        4
 Sticky Flame             Conj/Fire      0%         2d3       100%        4
 Freezing Cloud           Conj/Ice/Air   0%         6-21      100%        5


Dungeon Overview and Level Annotations

Branches:
Dungeon (8/15)             Temple (1/1) D:5          Bailey (visited)
   Lair: D:8-11

Altars:
Dithmenos
Elyvilon
Kikubaaqudgha
Makhleb
Nemelex Xobeh
Okawaru
Qazlal
Ru
Sif Muna
Trog
Uskayaw
Vehumet
Wu Jian
Xom
Yredelemnul
Zin
The Shining One

Annotations:
D:5 2 transporters


Message History

Beogh accepts your kill. The yak gores you.
The yak gores you but does no damage.
You puncture the yak!
The yak is moderately wounded.
The yak gores you. The yak barely misses you.
You hit the yak.
The yak is moderately wounded.
The yak gores you. x2
You hit the yak but do no damage.
The yak is moderately wounded.
You puncture the yak!
The yak is severely wounded.
The yak gores you!
* * * LOW HITPOINT WARNING * * *
The yak gores you.
* * * LOW HITPOINT WARNING * * *
The yak gores you but does no damage.
You see here a yak corpse.
The yak attacks as you move away! You block the yak's attack.
There is a stone staircase leading up here.
The yak gores you but does no damage.
You climb upwards.
There is a stone staircase leading down here.
You puncture the yak!
The yak is moderately wounded.
The yak gores you!
* * * LOW HITPOINT WARNING * * *
The yak gores you!
* * * LOW HITPOINT WARNING * * *
The yak attacks as you move away! The yak gores you.
* * * LOW HITPOINT WARNING * * *
The yak attacks as you move away! The yak barely misses you.
The yak attacks as you move away! The yak gores you!
* * * LOW HITPOINT WARNING * * *
You completely miss the yak.
The yak is lightly wounded.
You puncture the yak!
The yak is heavily wounded.
The yak gores you!
You die...

#########.####....####....#
#.........# #....#
#####..#..# #....# ####
###..#..####....# #...
#>........####### #...
#.##...##.# #...
#.##...##.# #...
#.#######.##########...
#....Y@...[.......#####
#.#######.[.......# #..#
#.).......# ##.##
#.........#
#..#####.........#
##.....#.........#
##............###
#....#######.## #....#
#..###


You could see a yak.

Vanquished Creatures
  2 orc knights (Bailey)
  A kobold demonologist (Bailey)
  A hornet (D:8)
  Grinder (D:5)
  Sigmund (D:3)
  3 yaks (D:8)
  Menkaure (D:6)
  Duvessa (D:6)
  A black bear (D:6)
  10 orc warriors
  A sky beast (D:7)
  3 ogres
  3 centaurs
  A phantom (D:6)
  A bullfrog (D:7)
  6 scorpions
  3 wights (D:7)
  Dowan (D:6)
  3 electric eels (Bailey)
  An orc priest (D:5)
  A gnoll bouda (D:5)
  2 hounds
  A jelly (D:5)
  3 iguanas
  2 sleepcaps
  8 orc wizards
  13 gnolls
  6 adders
  2 white imps
  An ufetubus (D:5)
  4 worms
  2 dart slugs
  16 orcs
  2 ball pythons
  10 endoplasms
  3 giant cockroaches
  10 goblins
  11 hobgoblins
  4 jackals
  10 quokkas
  7 bats
  2 frilled lizards (D:1)
  8 kobolds
  3 rats
176 creatures vanquished.

Vanquished Creatures (others)
  An orc high priest (Bailey)
1 creature vanquished.

Grand Total: 177 creatures vanquished

Notes
Turn   | Place    | Note
-------+----------+-------------------------------------------
     0 | D:1      | Gumption the Hill Orc Monk began the quest for the Orb.
     0 | D:1      | Reached XP level 1. HP: 19/19 MP: 1/1
   441 | D:1      | Reached XP level 2. HP: 27/27 MP: 2/2
   762 | D:1      | Reached skill level 1 in Armour
  1108 | D:2      | Reached skill level 4 in Polearms
  1108 | D:2      | Reached XP level 3. HP: 33/33 MP: 3/3
  1549 | D:2      | Reached XP level 4. HP: 34/40 MP: 4/4
  1573 | D:2      | Found a shadowy altar of Dithmenos.
  2220 | D:2      | Found a faded altar of an unknown god.
  2698 | D:3      | Noticed a +0 dagger
  2699 | D:3      | Found a hide-covered altar of Uskayaw.
  2699 | D:3      | Noticed a +0 dagger
  2811 | D:3      | Reached XP level 5. HP: 47/47 MP: 5/5
  2915 | D:3      | Noticed Sigmund
  2950 | D:3      | Killed Sigmund
  2951 | D:3      | Reached skill level 5 in Fighting
  2951 | D:3      | Reached skill level 5 in Polearms
  2951 | D:3      | Reached XP level 6. HP: 43/56 MP: 6/6
  3847 | D:3      | Reached skill level 6 in Polearms
  4251 | D:4      | Reached XP level 7. HP: 57/61 MP: 7/7
  5026 | D:4      | Reached skill level 7 in Polearms
  5187 | D:4      | Found a shimmering blue altar of Sif Muna.
  5361 | D:4      | Found an ancient bone altar of Kikubaaqudgha.
  5720 | D:5      | Entered Level 5 of the Dungeon
  5766 | D:5      | Noticed Grinder
  5770 | D:5      | Paralysed by Grinder for 5 turns
  5791 | D:5      | Paralysed by Grinder for 5 turns
  5801 | D:5      | Killed Grinder
  5802 | D:5      | Reached XP level 8. HP: 28/71 MP: 8/8
  5951 | D:5      | Found a staircase to the Ecumenical Temple.
  5965 | Temple   | Entered the Ecumenical Temple
  6188 | D:5      | Found a glowing silver altar of Zin.
  6215 | D:5      | Reached skill level 8 in Polearms
  6215 | D:5      | Reached skill level 5 in Armour
  6835 | D:5      | Found a shimmering altar of Xom.
  6855 | D:5      | Found a stormy altar of Qazlal.
  6856 | D:5      | Noticed a wraith
  6863 | D:5      | Found a transporter.
  6872 | D:5      | Found a transporter.
  6984 | D:5      | Reached skill level 9 in Polearms
  7257 | D:6      | Reached XP level 9. HP: 72/79 MP: 9/9
  7506 | D:6      | Noticed Menkaure
  7531 | D:6      | Found a glowing golden altar of the Shining One.
  7714 | D:6      | Noticed Dowan
  7715 | D:6      | Noticed Duvessa
  7750 | D:6      | Killed Duvessa
  7779 | D:6      | Killed Dowan
  8217 | D:6      | Killed Menkaure
  8218 | D:6      | Reached skill level 10 in Polearms
  8407 | D:7      | Found a flagged portal.
  8452 | Bailey   | Entered a bailey
  8656 | Bailey   | Noticed an orc knight
  8693 | Bailey   | Killed an orc knight
  8694 | Bailey   | Reached skill level 11 in Polearms
  8915 | Bailey   | Reached XP level 10. HP: 71/91 MP: 10/10
  9228 | Bailey   | Noticed an orc high priest
  9229 | Bailey   | Became a worshipper of Beogh the Brigand
  9229 | Bailey   | Reached * piety under Beogh
  9229 | Bailey   | Reached ** piety under Beogh
  9232 | Bailey   | Noticed an orc knight
  9235 | Bailey   | Noticed a rust devil
  9236 | Bailey   | Noticed an orange demon
  9240 | Bailey   | Killed an orc high priest
  9271 | Bailey   | Killed an orc knight
  9339 | Bailey   | Acquired a manual of Fighting
  9845 | Bailey   | Found an iron altar of Okawaru.
  9845 | Bailey   | Noticed a kobold demonologist
 10155 | Bailey   | Identified the +0 leather armour of Copsages {Harm rElec}
 10168 | Bailey   | Killed a kobold demonologist
 10203 | Bailey   | Identified the +2 spear "Zocag" {venom, Dex+2}
 10223 | Bailey   | Acquired 862 gold pieces
 10278 | Bailey   | Reached skill level 10 in Fighting
 10278 | Bailey   | Reached skill level 12 in Polearms
 10957 | D:8      | Found a bloodstained altar of Trog.
 11006 | D:7      | HP: 1/94 [yak (8)]
 11008 | D:7      | Mangled by a yak

Illustrated notes

Levels and vault maps discovered:
D:1:      pf_arrival_petrified_forest, layout_basic, minivault_24,
          minmay_surrounded
D:2:      layout_basic, ebering_ecumenical_altar_hall, basic_altar
D:3:      layout_basic, dancing_weapons_uskayaw, uniq_sigmund
D:4:      layout_layer_cave, mainiacjoe_overflow_alcove_4,
          mainiacjoe_overflow_alcove_1, minmay_manual_mares
D:5:      kennysheep_six_static_rooms, layout_loops_cross, zin_academy,
          gammafunk_temple_overflow_arena, xom_teletrap_fun,
          minmay_temple_entry_slanted, uniq_grinder
D:6:      layout_basic, tso_metal_star, chequers_serial_rivers_room_a,
          serial_park_tiny_pond, uniq_menkaure, uniq_duvessa
D:7:      layout_basic, enter_bailey_2
D:8:      layout_cave_pools, bloody_trog, fedhas_altar_3,
          minmay_gold_behind_fungi, bh_walls_and_bars, uniq_maurice, uniq_maggie
Temple:   hellmonk_temple_forest_ring

Skill      XL: |  1  2  3  4  5  6  7  8  9 10 |
---------------+-------------------------------+-----
Armour         | 1 2 3 4 5 7 8 |  8.4
Fighting       | 4 5 6 7 9 10 | 10.6
Polearms       | 4 5 6 7 9 11 12 | 12.4
Dodging        | |  2.4

Action                     |  1- 3 |  4- 6 |  7- 9 | 10-12 || total
---------------------------+-------+-------+-------+-------++-------
  Melee: Spear             |   105 |   232 |    52 |       ||   389
         Trident           |       |       |   366 |   134 ||   500
  Throw: Stone             |       |     1 |     4 |       ||     5
 Invoke: Convert to Beogh  |       |       |       |     1 ||     1
  Evoke: Wand              |       |       |     4 |       ||     4
    Use: Scroll            |       |     2 |     4 |     4 ||    10
 Armour: Robe              |    17 |     9 |       |       ||    26
         Ring mail         |       |    41 |    19 |       ||    60
         Chain mail        |       |       |   145 |       ||   145
         Plate armour      |       |       |    14 |    47 ||    61
  Dodge: Dodged            |    45 |    74 |   115 |    21 ||   255
  Block: Orb               |       |    12 |    93 |    17 ||   122
         Reflection        |       |       |     6 |       ||     6
